Cogmind - Beta 15 @@@ ROGUE MODE // 2025.07.18 @ 21:37:37 Player: Cracklepappy Result: Self-destructed Performance ------------- Evolutions (5) 2500 Regions Visited (16) 3200 Robots Destroyed (369) 1845 Value Destroyed (15069) 15069 Prototype IDs (61) 1220 Alien Tech Used (0) 0 Bonus (9589) 9589 TOTAL SCORE: 33423 Bonus ------- High Alert Combat Kills 5372 Follower Combat Kills 1577 Entered Garrisons 400 Used RIF Installer 1500 Network Hubs Disabled 400 Aligned with FarCom 300 Built Enhanced Grunts 300 Met R17 at Cetus 500 Friendly Fire -760 Cogmind --------- Core Integrity 761/1000 Matter 140/300 Energy 210/290 System Corruption 4% Temperature Cool (0) Movement Rolling (230) Ox10 Location -5/Factory Parts ------- > --- POWER (1) -------- Reinforced Deuterium Engine > --- PROPULSION (4) --- Wheel > --- UTILITY (6) ------ Advanced Heat Sink (fused) Huge Storage Unit Experimental Targeting Computer Core Analyzer Improved Medium Armor Plating > --- WEAPON (6) ------- (None) > --- INVENTORY (25) --- Light Angular Momentum Engine Wheel Advanced Heat Sink Matter Compressor (2) Experimental Phase Shifter Experimental Phase Shifter Cloak of Protection Centrium Medium Armor Plating Experimental EM Shield Improved Shield Generator Authchip [Propulsion] Relay Coupler [NC] (34) Long-range Tractor Beam Army-in-a-Box (30/30) AS-neutralizer No. 17b Improved Remote Datajack Plasma Cutter Peak State ------------ > --- POWER ------------ Reinforced Deuterium Engine > --- PROPULSION ------- Armored Wheel Armored Huge Wheel > --- UTILITY ---------- Advanced Heat Sink Huge Storage Unit Experimental Targeting Computer Centrium Medium Armor Plating Centrium Medium Armor Plating > --- WEAPON ----------- Railgun Advanced KE Penetrator Advanced KE Penetrator Advanced KE Penetrator Advanced KE Penetrator Advanced KE Penetrator > --- INVENTORY -------- Reinforced Fission Core Armored Huge Wheel Advanced Heat Sink Matter Compressor Cloak of Protection Centrium Medium Armor Plating Authchip [Propulsion] Relay Coupler [NC] High-powered Tractor Beam Army-in-a-Box AS-neutralizer No. 17b Phase Cannon Coil Gun Coil Gun Railgun Railgun Remote Datajack Plasma Cutter Powered Hammer [Rating: 105] Favorites ----------- Power Heavy Ion Engine Engine Heavy Ion Engine Power Core Reinforced Fission Core Propulsion Armored Wheel Wheel Armored Wheel Utility Huge Storage Unit Device Hardlight Generator Storage Huge Storage Unit Processor Experimental Targeting Computer Protection Centrium Medium Armor Plating Weapon Advanced KE Penetrator Energy Gun Pulse Rifle Energy Cannon Particle Cannon Ballistic Gun Advanced KE Penetrator Ballistic Cannon Light Cannon Launcher Rocket Launcher Special Weapon Plasma Cutter Impact Weapon Powered Hammer Slashing Weapon Axe Special Melee Weapon Datajack Build | -11 -10 -10 -9 -9 -9 -8 -8 -8 -7 -7 -6 -6 -6 -6 -6 -5 ------- Run | Yrd Mat Min Mat Min Exi Min Mat Gar Fac Gar Fac Ext Cet Arc Hub Fac Slots Evolved 10 | . . . 2 . . . 2 . 2 . 2 . . . . 2 Power . | . . . . . . . . . . . . . . . . . Propulsion 2 | . . . . . . . . . . . 1 . . . . 1 Utility 4 | . . . . . . . 1 . 2 . . . . . . 1 Weapon 4 | . . . 2 . . . 1 . . . 1 . . . . . Parts Attached 178 | 7 15 1 26 . 9 1 18 15 4 10 22 14 6 7 19 4 Power 15 | 1 3 . 5 . . . . 4 . . 1 1 . . . . Engine 11 | 1 3 . 5 . . . . 1 . . . 1 . . . . Core 4 | . . . . . . . . 3 . . 1 . . . . . Reactor . | . . . . . . . . . . . . . . . . . Propulsion 30 | 2 3 . 3 . 1 1 3 2 . 1 4 4 . . 5 1 Treads . | . . . . . . . . . . . . . . . . . Leg . | . . . . . . . . . . . . . . . . . Wheel 30 | 2 3 . 3 . 1 1 3 2 . 1 4 4 . . 5 1 Hover . | . . . . . . . . . . . . . . . . . Flight . | . . . . . . . . . . . . . . . . . Utility 46 | 2 7 . 4 . 2 . 4 2 1 1 5 2 4 4 6 2 Device 21 | 1 . . 2 . 1 . 3 . 1 1 3 . 1 4 4 . Storage 4 | 1 2 . 1 . . . . . . . . . . . . . Processor 2 | . . . . . . . . . . . . 1 . . 1 . Hackware . | . . . . . . . . . . . . . . . . . Protection 19 | . 5 . 1 . 1 . 1 2 . . 2 1 3 . 1 2 Artifact . | . . . . . . . . . . . . . . . . . Weapon 87 | 2 2 1 14 . 6 . 11 7 3 8 12 7 2 3 8 1 Energy Gun 4 | . . . 1 . . . 2 . . . . . . . 1 . Energy Cannon 11 | . . 1 5 . 1 . . . . . . 1 . . 3 . Ballistic Gun 57 | 2 . . 5 . 4 . 8 4 2 7 12 4 2 3 4 . Ballistic Cannon 5 | . 2 . . . . . . 2 . . . 1 . . . . Launcher 3 | . . . 2 . 1 . . . . . . . . . . . Special Weapon 3 | . . . . . . . . 1 . . . 1 . . . 1 Impact Weapon 1 | . . . . . . . . . . 1 . . . . . . Slashing Weapon 1 | . . . . . . . 1 . . . . . . . . . Piercing Weapon . | . . . . . . . . . . . . . . . . . Special Melee Weapon 2 | . . . 1 . . . . . 1 . . . . . . . Unidentified Prototypes 13 | . . . 4 . . . 1 . . . 1 2 2 . 3 . Corrupted Parts 5 | . . . . . . . . . . . . . . 2 3 . System Corruption 31 | . . . . . . . . . . . . . . 15 16 . Parts Lost 43 | . 2 . 3 . 7 . . 2 . . 3 2 . . 14 10 Power 1 | . . . . . . . . . . . . . . . . 1 Propulsion 16 | . 1 . 3 . 2 . . 1 . . 2 1 . . 5 1 Utility 5 | . 1 . . . . . . . . . 1 1 . . 1 1 Weapon 21 | . . . . . 5 . . 1 . . . . . . 8 7 Highest Loss Streak 10 | . 1 . 1 . 3 . . 1 . . 1 2 . . 10 7 To Critical Strikes 3 | . . . . . 3 . . . . . . . . . . . Average Backups 19 | 4 11 15 23 25 21 19 19 19 17 18 18 19 18 19 18 18 Power 1 | . 1 . 1 1 1 1 . 1 . . . 1 1 1 1 . Propulsion 1 | 2 2 2 1 1 . . 2 2 2 2 . 1 1 1 . 1 Utility 9 | . 2 6 11 12 11 12 9 10 9 9 9 9 9 9 11 13 Weapon 5 | . 5 6 6 9 7 4 6 5 5 4 4 5 5 5 3 1 Tool/Special . | . . . . . . . . . . . . . . . . . Unused Backups 75 | 2 10 1 11 . 7 3 10 3 1 2 4 4 1 1 3 12 Power 6 | . 1 . 2 . 3 . . . . . . . . . . . Propulsion 10 | 2 2 . 1 . . 1 . . . . 1 1 . . . 2 Utility 40 | . 2 . 7 . 4 1 6 1 . 2 2 2 1 1 2 9 Weapon 17 | . 5 1 . . . 1 4 2 1 . 1 1 . . 1 . Tool/Special 2 | . . . 1 . . . . . . . . . . . . 1 Average Slot Usage (%) 93 | . 98 100 99 100 97 98 90 98 91 91 92 89 90 92 89 73 Engine 7 | . 13 14 10 11 11 11 9 6 . . . 3 6 6 4 . Core 1 | . . . . . . . . 2 7 7 5 2 . . 1 4 Wheel 17 | . 27 28 21 22 21 20 18 17 15 15 19 16 13 13 13 5 Device 9 | . 3 . 9 11 8 11 12 8 14 15 13 8 6 7 6 7 Storage 8 | . 17 14 11 11 11 11 9 9 7 7 6 6 6 6 6 5 Processor 2 | . . . . . . . . . . . . 3 6 6 8 11 Protection 6 | . 6 14 1 . 2 . 4 8 7 7 5 6 10 11 10 3 Energy Cannon 9 | . . 1 25 44 33 44 4 . . . . . . . 4 6 Ballistic Gun 26 | . 13 . 17 . 5 . 31 42 35 35 39 35 39 40 30 16 Ballistic Cannon 1 | . 13 26 . . . . . . . . . 3 . . . . Peak Build Rating 105 | 7 8 8 22 22 29 31 50 41 48 63 75 81 99 105 105 75 Average Rating 52 | 6 7 7 18 22 22 30 46 37 46 52 68 75 91 102 95 70 On Entrance 43 | . 7 8 8 22 22 29 31 36 40 48 60 75 79 99 105 73 Naked Turns . | . . . . . . . . . . . . . . . . . Heaviest Build 155 | 13 34 34 105 105 111 105 120 136 144 150 155 149 146 146 149 143 Greatest Support 40 | 20 20 20 26 26 26 24 24 24 24 28 40 40 40 40 40 20 Greatest Overweight (x) 48 | . 1 1 10 4 8 8 5 5 5 6 6 4 3 48 13 14 Average Overweight (x) 4 | . . 1 3 4 3 4 4 4 5 5 3 3 3 11 3 11 Largest Inventory Capacity 25 | 8 15 15 25 25 25 25 25 25 25 25 25 25 25 25 25 25 Average Capacity 23 | 7 11 15 23 25 25 25 25 25 25 25 25 25 25 25 25 25 Most Carried 25 | 8 15 15 25 25 25 25 25 25 25 25 25 25 25 25 25 25 Average Carried 23 | 4 11 14 23 25 22 24 24 24 24 24 24 24 24 25 24 24 Final Capacity 25 | 8 15 15 25 25 25 25 25 25 25 25 25 25 25 25 25 25 Final Carried 25 | 8 15 15 25 25 25 25 25 25 25 25 25 25 25 25 25 22 Class Distribution -------------------- 28% | Tank 28% | Scavenger-Executioner 17% | Gunner 8% | Scavenger-Tank 7% | Mutant 4% | Executioner 3% | Scavenger-Gunner Dominant Class ---------------- Mutant | -10/Materials Mutant | -10/Mines Gunner | -9/Materials Gunner | -9/Mines Gunner | -9/Exiles Gunner | -8/Mines Tank | -8/Materials Tank | -8/Garrison Scavenger-Tank | -7/Factory Scavenger-Tank | -7/Garrison Scavenger-Executioner | -6/Factory Executioner | -6/Extension Scavenger-Executioner | -6/Cetus Scavenger-Executioner | -6/Archives Scavenger-Executioner | -6/Hub_04(d) Scavenger-Executioner | -5/Factory Resources | -11 -10 -10 -9 -9 -9 -8 -8 -8 -7 -7 -6 -6 -6 -6 -6 -5 ----------- Run | Yrd Mat Min Mat Min Exi Min Mat Gar Fac Gar Fac Ext Cet Arc Hub Fac Matter Collected 14563 | 351 733 160 846 . 861 10 578 1455 262 1690 2078 1754 560 586 2156 483 Remotely 1249 | . . . . . . . . . . . 614 166 . . 469 . Salvage Created 17976 | 170 513 268 1730 . 126 79 2380 1679 319 2079 2057 1440 505 460 3146 1025 Parts 876 | 20 31 15 104 . 6 8 126 80 13 90 100 44 15 44 127 53 Haulers Intercepted 18 | . 2 . 6 . . . 6 . . . 1 . . . 1 2 Recyclers Shooed 9 | . 1 . 2 . . . . . . . 4 1 . . . 1 Parts Field Recycled . | . . . . . . . . . . . . . . . . . Retrieved Matter . | . . . . . . . . . . . . . . . . . Parts Self-Destructed . | . . . . . . . . . . . . . . . . . Prevented . | . . . . . . . . . . . . . . . . . Kills | -11 -10 -10 -9 -9 -9 -8 -8 -8 -7 -7 -6 -6 -6 -6 -6 -5 ------- Run | Yrd Mat Min Mat Min Exi Min Mat Gar Fac Gar Fac Ext Cet Arc Hub Fac Combat Hostiles Destroyed 257 | . 10 7 28 . 4 3 32 34 6 26 23 23 6 2 37 16 Guns 200 | . 6 . 9 . 2 . 24 34 6 26 23 20 6 2 30 12 Cannons 47 | . 4 6 15 . 2 3 8 . . . . 3 . . 5 1 AOE 8 | . . 1 4 . . . . . . . . . . . . 3 Classes Destroyed 20 | 3 4 1 2 . 1 . 3 . . 1 2 1 . . 2 . Worker 23 | 1 3 . 1 . . . 3 . . . 6 1 . . 4 4 Builder 13 | . . . 2 . . 1 1 . . . 4 1 . . . 4 Tunneler 8 | 5 1 . . . . . . . . . . . . . 2 . Hauler 18 | . 2 . 6 . . . 6 . . . 1 . . . 1 2 Recycler 17 | 1 1 1 2 . . . 5 . 1 . 3 1 . . 1 1 Mechanic 1 | . . . . . . . . . . . . . . . 1 . Operator 11 | . . . . . . . 2 . . . . . . 9 . . Watcher 18 | . 1 . 4 . . . 5 . . . 3 1 . . 4 . Swarmer 41 | . 3 2 3 . . 3 6 6 3 7 5 3 . . . . Saboteur 1 | . . . . . . . . . . . . . . . 1 . Grunt 107 | . 7 3 15 . . . 14 17 2 10 7 10 . . 13 9 Brawler 10 | . . . 1 . . . . 1 . . 2 3 . . 2 1 Duelist 8 | . . . . . . . 1 4 . 2 . . . . 1 . Protector 3 | . . . . . . . . . . . 1 . . . 2 . Sentry 43 | . . 2 9 . . . 9 5 . 4 1 5 . 2 6 . Specialist 2 | . . . . . . . . . . . . . . . 2 . Hunter 12 | . . . . . . . 2 1 1 2 4 . . . . 2 Programmer 11 | . . . . . . . . . . 1 3 . . . 3 4 Behemoth 3 | . . . . . . . . . . . . 2 . . 1 . Cetus Guard 6 | . . . . . . . . . . . . . 6 . . . Enhanced Grunt 1 | . . . . . . . . . . . . . . . 1 . Lightning 6 | . . . . . . . . . . . . . . . 6 . Assembled 3 | . . . . . 3 . . . . . . . . . . . Savage 3 | . . . . . . . . . . . 1 . . . 2 . Guerrilla 1 | . . . . . . . . . . . . . 1 . . . Infiltrator 1 | . . . . . . . . . . . 1 . . . . . Best Kill Streak 14 | 4 5 2 5 . 2 3 8 5 5 4 7 7 3 3 11 14 Combat Bots Only 10 | . 3 2 4 . 2 3 6 5 5 4 4 5 3 1 10 5 Max Kills in Single Turn 5 | 1 2 1 5 . 1 1 2 1 1 2 3 2 2 1 3 3 Gunslinging 1 | . . . . . . . . . . 1 1 . 1 . 1 . Exploded 4 | . . 1 4 . . . . . . . . . . . . 2 Melee . | . . . . . . . . . . . . . . . . . Uniques/NPCs Destroyed 1 | . . . . . 1 . . . . . . . . . . . 8R-AWN (-9/Exiles) Combat | -11 -10 -10 -9 -9 -9 -8 -8 -8 -7 -7 -6 -6 -6 -6 -6 -5 -------- Run | Yrd Mat Min Mat Min Exi Min Mat Gar Fac Gar Fac Ext Cet Arc Hub Fac Hostile Shots Fired 1282 | . 54 14 69 . 80 9 74 100 29 171 150 160 26 4 247 95 Missed 363 | . 13 8 23 . 16 4 22 25 6 50 30 61 17 1 67 20 Hits 919 | . 41 6 46 . 64 5 52 75 23 121 120 99 9 3 180 75 Melee 14 | . . . . . 1 . . 8 . . 3 . . . . 2 Projectile 905 | . 41 6 46 . 63 5 52 67 23 121 117 99 9 3 180 73 AOE 1 | . . . . . . . . . . . . . . . 1 . Critical Strikes 62 | . 3 . 1 . 26 . 5 2 . 1 4 3 . . 12 5 Part Disruptions 2 | . . . . . . . . . . . . . . . 2 . Damage Taken 14190 | . 487 105 584 . 1199 39 623 949 259 978 1649 1196 213 91 4258 1560 Core 1566 | . 113 . 86 . 275 9 53 85 . 142 123 48 28 . 365 239 Absorbed by Shields 1968 | . . . . . 216 . 156 264 92 464 423 283 70 . . . Ignored by Resistances 399 | . . . . . . . . . . . . . . . 399 . Regen/Repaired (Parts) 599 | . 170 . 51 . . . 378 . . . . . . . . . Core Remaining (%) 57 | 100 . 54 . . . 7 . 74 . 79 . . . . 33 . Volleys Fired 789 | 14 50 19 65 . 41 4 52 78 14 88 59 52 12 72 123 46 Largest 6 | 2 2 2 4 . 4 4 5 5 5 5 6 6 6 6 6 5 Hottest 340 | 40 60 90 272 . 272 272 340 124 120 144 189 161 195 200 312 227 Shots Fired 2893 | 28 100 38 255 . 135 16 226 319 70 385 342 273 72 99 387 148 Gun 2443 | 28 60 . 137 . 117 . 163 306 70 375 342 237 72 98 312 126 Cannon 409 | . 40 38 116 . 11 16 63 . . . . 29 . . 75 21 Launcher 9 | . . . 2 . 7 . . . . . . . . . . . Special 32 | . . . . . . . . 13 . 10 . 7 . 1 . 1 Kinetic 2538 | 28 100 36 144 . 117 . 159 306 70 375 342 266 72 98 310 115 Thermal 320 | . . 2 109 . 11 16 67 13 . 10 . . . . 61 31 Explosive 9 | . . . 2 . 7 . . . . . . . . . . . Electromagnetic 17 | . . . . . . . . . . . . . . . 16 1 Robot Hit Streak 25 | 6 9 8 13 . 14 3 11 25 7 25 8 13 10 5 13 19 Robot Miss Streak 15 | 1 3 7 5 . 3 1 5 4 3 7 15 8 2 3 13 6 Penetration Max 2 | . . . . . . . . 1 . . 2 2 1 1 1 1 Secondary Targets 42 | . . . . . . . 1 7 2 6 5 4 4 . 12 1 Max Gunslinging Chain 2 | . . . . . . . 1 1 1 2 1 1 1 . 2 1 Autonomous 57 | . . . . . . . 57 . . . . . . . . . Shots Hit Robots 1682 | 19 66 21 123 . 97 6 148 177 44 242 159 155 57 57 211 100 Core Hits 868 | 8 27 10 58 . 18 3 74 74 19 113 103 90 21 27 130 93 Critical Kills 30 | . . . 1 . . . . . . 1 1 4 3 2 16 2 Critical Parts Destroyed 43 | . . . 1 . . . . 1 . 2 2 10 4 1 20 2 Critical Strikes 82 | . 1 . 2 . 1 . . 3 . 3 3 15 8 4 38 4 Meltdown 2 | . . . 1 . . . . . . . . . . . 1 . Destroy 74 | . . . 1 . 1 . . 1 . 3 3 14 8 4 35 4 Blast 2 | . 1 . . . . . . . . . . 1 . . . . Corrupt 2 | . . . . . . . . . . . . . . . 2 . Sever 2 | . . . . . . . . 2 . . . . . . . . Melee Attacks 71 | . . . 1 . 6 . 1 33 . 29 1 . . . . . Impact 29 | . . . . . . . . . . 29 . . . . . . Slashing 34 | . . . . . . . 1 33 . . . . . . . . Piercing . | . . . . . . . . . . . . . . . . . Sneak Attacks 8 | . . . 1 . 6 . . . . . 1 . . . . . Combat Hostiles . | . . . . . . . . . . . . . . . . . Follow-up Attacks . | . . . . . . . . . . . . . . . . . Damage Inflicted 39009 | 233 1000 420 2359 . 1609 132 3474 3086 595 4082 3852 3562 1479 1519 7800 3807 Guns 30780 | 233 504 . 756 . 1346 . 2611 2601 595 4007 3852 3163 1479 1519 6138 1976 Cannons 5244 | . 496 372 1352 . 83 132 863 . . . . 399 . . 1182 365 Explosions 2425 | . . 48 251 . 180 . . . . . . . . . 480 1466 Melee 346 | . . . . . . . . 346 . . . . . . . . Ramming . | . . . . . . . . . . . . . . . . . Kinetic 31989 | 233 1000 372 849 . 1346 . 2591 2601 595 4007 3852 3562 1479 1519 6121 1862 Thermal 4183 | . . 48 1259 . 83 132 883 139 . 75 . . . . 587 977 Explosive 1357 | . . . 251 . 180 . . . . . . . . . . 926 Electromagnetic 1134 | . . . . . . . . . . . . . . . 1092 42 Impact . | . . . . . . . . . . . . . . . . . Slashing 346 | . . . . . . . . 346 . . . . . . . . Piercing . | . . . . . . . . . . . . . . . . . Highest Corruption 49 | . . . . . . . . . . . 2 2 2 13 49 4 Average Corruption 7 | . . . . . . . . . . . 1 2 2 4 13 1 Corruption Purged 17 | . . . . . . . . . . . . . . 17 . . Corruption Blocked . | . . . . . . . . . . . . . . . . . Effects 106 | . . . . . . . . . . . 4 15 5 9 72 1 Message Errors 14 | . . . . . . . . . . . . 1 2 2 9 . Matter Fused 24 | . . . . . . . . . . . 2 4 . 1 17 . Heat Flow Errors 15 | . . . . . . . . . . . . 6 1 1 6 1 Energy Discharges 11 | . . . . . . . . . . . 1 . . 1 9 . Parts Fused 1 | . . . . . . . . . . . . . . . 1 . Data Loss (minor) 11 | . . . . . . . . . . . . 2 2 1 6 . Data Loss (major) 4 | . . . . . . . . . . . . 1 . . 3 . Misfires 7 | . . . . . . . . . . . . 1 . 2 4 . Alerts 2 | . . . . . . . . . . . . . . 1 1 . Weapon Failures 17 | . . . . . . . . . . . 1 . . . 16 . Overload Shots . | . . . . . . . . . . . . . . . . . Overflow Damage 385 | . . . 7 . 32 11 2 . . . . 26 . . 106 201 Projectiles 184 | . . . 7 . 32 11 2 . . . . 26 . . 106 . Explosions 201 | . . . . . . . . . . . . . . . . 201 Melee . | . . . . . . . . . . . . . . . . . Knockbacks 18 | . 12 2 . . . . . . . . . 4 . . . . Impact . | . . . . . . . . . . . . . . . . . Kinetic 17 | . 12 2 . . . . . . . . . 3 . . . . Secondary 1 | . . . . . . . . . . . . 1 . . . . Self-Inflicted Damage 213 | . . 34 5 . . . . . . . . . . . 100 74 Shots 4 | . . 1 1 . . . . . . . . . . . 1 1 Rammed . | . . . . . . . . . . . . . . . . . Targets Rammed . | . . . . . . . . . . . . . . . . . Kicked . | . . . . . . . . . . . . . . . . . Crushed . | . . . . . . . . . . . . . . . . . Highest Temperature 440 | 6 75 78 211 . 386 240 440 395 69 149 314 268 65 151 305 351 Average Temperature 75 | 6 32 23 66 . 71 123 138 118 24 28 85 41 18 39 73 123 Received Heat Transfer 2612 | . 270 21 252 . . . 277 288 69 211 160 298 18 . 499 249 Effects 19 | . . . . . 2 . . 7 . . 5 3 . . 1 1 Shutdowns 2 | . . . . . . . . 1 . . 1 . . . . . Energy Bleed 3 | . . . . . . . . 1 . . 1 . . . . 1 Interference 12 | . . . . . 2 . . 5 . . 2 3 . . . . Damage (minor) 2 | . . . . . . . . . . . 1 . . . 1 . Siege Activations . | . . . . . . . . . . . . . . . . . Martial Activations . | . . . . . . . . . . . . . . . . . Shielding Activations . | . . . . . . . . . . . . . . . . . Robots Disrupted . | . . . . . . . . . . . . . . . . . Combat Hostiles . | . . . . . . . . . . . . . . . . . Robots Corrupted 2 | . . . . . . . . . . . . . . . 2 . Combat Hostiles 1 | . . . . . . . . . . . . . . . 1 . Parts Fried 14 | . . . . . . . . . . . . . . . 14 . Impact Corruptions . | . . . . . . . . . . . . . . . . . Robots Melted 2 | . . . 1 . . . . . . . . . . . 1 . Combat Hostiles 1 | . . . . . . . . . . . . . . . 1 . Parts Melted 16 | . . . 2 . . 2 6 . . . . 1 . . 5 . Heat Transferred 7095 | . . 50 2405 . 148 222 1591 481 . 259 . . . . 717 1222 Parts Sabotaged 3 | . . . . . . . . . . . 3 . . . . . Parts Stolen . | . . . . . . . . . . . . . . . . . Parts Stripped . | . . . . . . . . . . . . . . . . . Power Chain Reactions . | . . . . . . . . . . . . . . . . . Alert | -11 -10 -10 -9 -9 -9 -8 -8 -8 -7 -7 -6 -6 -6 -6 -6 -5 ------- Run | Yrd Mat Min Mat Min Exi Min Mat Gar Fac Gar Fac Ext Cet Arc Hub Fac Maximum Alert Level 5 | . . . 1 . . . 2 5 3 5 4 4 3 2 5 3 Low Security (%) 32 | 100 100 100 65 100 . 100 21 . . . . . . 59 9 . Level 1 23 | . . . 34 . . . 76 8 . . . . . 20 19 . Level 2 9 | . . . . . . . 1 18 . 23 . 5 . 20 20 2 Level 3 20 | . . . . . . . . 38 100 33 32 83 100 . 12 97 Level 4 10 | . . . . . . . . 32 . 29 67 11 . . 8 . Level 5 4 | . . . . . . . . 2 . 14 . . . . 28 . High Security . | . . . . . . . . . . . . . . . . . Max Security . | . . . . . . . . . . . . . . . . . Peak Influence 1848 | 10 104 139 290 104 . 70 407 1627 942 1679 1472 1462 1023 554 1848 1088 Initial 888 | . . 10 . 104 . . . 262 854 583 881 716 808 389 . 888 Average 544 | 2 31 32 143 101 . 9 271 953 868 1101 1227 927 910 195 951 800 Influence Increases 12162 | 35 355 275 1031 . . 75 1088 1425 193 1096 1135 1298 335 369 2688 764 Destroy 0b10 Robot/C 5800 | . 200 160 560 . . 60 640 700 120 580 640 660 160 80 920 320 Destroy 0b10 Robot/NC 640 | 35 40 5 75 . . 5 110 10 5 40 95 25 10 45 85 55 Destroy Leader 1054 | . 46 30 160 . . 10 192 30 20 30 138 84 . . 262 52 Allied During Kill 1372 | . . 21 . . . . . 13 . 29 91 357 148 125 588 . Trap Triggered on 0b10 10 | . . . 10 . . . . . . . . . . . . . Successful Hack 279 | . 24 . 74 . . . 48 . 18 14 4 69 . . 28 . Disable Machine 1200 | . . 30 45 . . . 45 15 . 30 105 45 15 105 540 225 Anti-Garrison Action 850 | . . . . . . . . 600 . 250 . . . . . . Destroy Structure 582 | . . 14 17 . . . 38 42 . 78 32 13 2 14 220 112 Partial Spotted 45 | . 15 . . . . . . . . . 15 . . . 15 . Lose Combat Pursuer 330 | . 30 15 90 . . . 15 15 30 45 15 45 . . 30 . Influence Decreases 11094 | 35 326 304 763 174 94 75 684 202 987 250 1350 1318 806 1342 874 1510 Entered New Map 5134 | . . 19 . 164 94 . . 142 773 250 798 748 636 584 . 926 Time Decay 4980 | 35 306 225 584 10 . 75 684 . 214 . 502 470 170 718 653 334 Lost Part 359 | . 20 . 29 . . . . 20 . . 30 20 . . 140 100 Lost Ally 321 | . . 60 . . . . . 40 . . 20 80 . 40 81 . Purge Threat 300 | . . . 150 . . . . . . . . . . . . 150 Squads Dispatched 46 | . . 1 1 . . . 2 . 4 . 10 6 . . 17 5 Investigation 7 | . . 1 . . . . 1 . 2 . 1 1 . . 1 . Extermination 10 | . . . . . . . . . . . 4 . . . 4 2 Reinforcement 17 | . . . 1 . . . 1 . 1 . 3 3 . . 6 2 Assault 11 | . . . . . . . . . 1 . 2 2 . . 5 1 Garrison 1 | . . . . . . . . . . . . . . . 1 . Intercept . | . . . . . . . . . . . . . . . . . Searches Triggered . | . . . . . . . . . . . . . . . . . Construction Impeded 7 | . . . . . . . . . . . 3 2 . . 1 1 Haulers Reinforced 1 | . . . . . . . . . . . . . . . . 1 Active Scanning Responses . | . . . . . . . . . . . . . . . . . Cargo Convoy Interrupts . | . . . . . . . . . . . . . . . . . Stealth | -11 -10 -10 -9 -9 -9 -8 -8 -8 -7 -7 -6 -6 -6 -6 -6 -5 --------- Run | Yrd Mat Min Mat Min Exi Min Mat Gar Fac Gar Fac Ext Cet Arc Hub Fac Distress Signals 12 | . . . 6 . . . 2 . . . . 2 2 . . . Communications Jammed . | . . . . . . . . . . . . . . . . . Distress Signals . | . . . . . . . . . . . . . . . . . Times Spotted 395 | . 18 8 41 . 6 3 43 34 8 29 39 34 10 34 64 24 Peak Tracking Total 10 | . 4 2 5 . 9 3 4 5 4 4 5 10 5 2 6 5 Tactical Retreats 17 | . 1 1 3 . 2 . 1 1 1 1 1 3 . . 2 . Traps | -11 -10 -10 -9 -9 -9 -8 -8 -8 -7 -7 -6 -6 -6 -6 -6 -5 ------- Run | Yrd Mat Min Mat Min Exi Min Mat Gar Fac Gar Fac Ext Cet Arc Hub Fac Traps Triggered 27 | . 2 . 1 . . . . 10 . 5 . 8 . . 1 . Indirectly . | . . . . . . . . . . . . . . . . . Trap Hack Attempts 19 | . . . 19 . . . . . . . . . . . . . Triggered . | . . . . . . . . . . . . . . . . . Disarmed . | . . . . . . . . . . . . . . . . . Reprogrammed 1 | . . . 1 . . . . . . . . . . . . . Reused 1 | . . . 1 . . . . . . . . . . . . . Traps Extracted . | . . . . . . . . . . . . . . . . . Installed . | . . . . . . . . . . . . . . . . . Triggered 1 | . . . 1 . . . . . . . . . . . . . Machines | -11 -10 -10 -9 -9 -9 -8 -8 -8 -7 -7 -6 -6 -6 -6 -6 -5 ---------- Run | Yrd Mat Min Mat Min Exi Min Mat Gar Fac Gar Fac Ext Cet Arc Hub Fac Machines Disabled 90 | . . 3 3 . 4 . 3 3 . 5 7 3 1 7 36 15 Max in Single Turn 18 | . . 1 1 . 2 . 1 1 . 1 1 1 1 1 18 4 Garrison Access 1 | . . . . . . . . . . . . . . . 1 . Garrison Relay 5 | . . . . . . . . 2 . 3 . . . . . . Network Hub 2 | . . . . . . . . . . . . . . . 2 . Machines Repaired . | . . . . . . . . . . . . . . . . . Machines Dismantled 6 | . . . . . . . . 1 . 1 . 3 1 . . . Machines Sabotaged . | . . . . . . . . . . . . . . . . . Overloaded Fab Kills . | . . . . . . . . . . . . . . . . . Hacking | -11 -10 -10 -9 -9 -9 -8 -8 -8 -7 -7 -6 -6 -6 -6 -6 -5 --------- Run | Yrd Mat Min Mat Min Exi Min Mat Gar Fac Gar Fac Ext Cet Arc Hub Fac Machines Accessed 74 | . 9 2 13 . 2 . 13 4 3 1 5 12 . . 8 2 Terminals 59 | . 8 2 10 . . . 9 4 2 1 3 12 . . 7 1 Fabricators 2 | . . . . . . . . . . . 2 . . . . . Repair Stations 4 | . 1 . 2 . . . 1 . . . . . . . . . Recycling Units . | . . . . . . . . . . . . . . . . . Scanalyzers 3 | . . . 1 . . . 2 . . . . . . . . . Garrison Access 4 | . . . . . . . 1 . 1 . . . . . 1 1 Total Hacks 211 | . 29 5 42 . 2 . 56 9 6 2 9 21 . . 24 6 Successful 92 | . 13 . 20 . 2 . 34 . 2 1 3 7 . . 8 2 Failed 118 | . 15 5 22 . . . 22 9 4 1 6 14 . . 16 4 Catastrophic 27 | . 3 2 3 . . . 2 3 4 . 1 3 . . 5 1 Database Lockouts 1 | . 1 . . . . . . . . . . . . . . . Manual 94 | . 21 5 21 . 1 . 24 . 3 1 4 . 1 . 11 2 Terminals 155 | . 23 5 35 . . . 31 9 3 2 5 21 . . 18 3 Fabricators 4 | . . . . . . . . . . . 4 . . . . . Repair Stations 22 | . 6 . 4 . . . 12 . . . . . . . . . Recycling Units . | . . . . . . . . . . . . . . . . . Scanalyzers 12 | . . . 3 . . . 9 . . . . . . . . . Garrison Access 16 | . . . . . . . 4 . 3 . . . . . 6 3 Terminal Hacks 34 | . 2 . 9 . 2 . 3 . 1 1 1 7 . . 7 1 Record 1 | . . . . . 1 . . . . . . . . . . . Part Schematic 4 | . 1 . . . . . . . 1 . . 1 . . 1 . Robot Schematic 1 | . . . . . . . . . . . . . . . 1 . Robot Analysis 2 | . . . 2 . . . . . . . . . . . . . Prototype ID Bank 6 | . . . 3 . . . 1 . . . . . . . 2 . Open Door 7 | . . . . . . . . . . . 1 6 . . . . Branch Access Points 1 | . . . 1 . . . . . . . . . . . . . Emergency Access Points 1 | . . . . . . . . . . 1 . . . . . . Terminal Index 1 | . . . . . . . 1 . . . . . . . . . Unreport Threat 2 | . . . 1 . . . . . . . . . . . . 1 Locate Traps 4 | . 1 . 1 . . . 1 . . . . . . . 1 . Hauler Manifests 1 | . . . 1 . . . . . . . . . . . . . Zone Layout 2 | . . . . . . . . . . . . . . . 2 . Proto ID Catalog 1 | . . . . . 1 . . . . . . . . . . . Fabricator Hacks 1 | . . . . . . . . . . . 1 . . . . . Network Status 1 | . . . . . . . . . . . 1 . . . . . Repair Station Hacks 16 | . 4 . 2 . . . 10 . . . . . . . . . Scan Component 8 | . 2 . 1 . . . 5 . . . . . . . . . Repair 8 | . 2 . 1 . . . 5 . . . . . . . . . Recycling Unit Hacks . | . . . . . . . . . . . . . . . . . Scanalyzer 11 | . . . 2 . . . 9 . . . . . . . . . Insert Component 5 | . . . 1 . . . 4 . . . . . . . . . Analyze 6 | . . . 1 . . . 5 . . . . . . . . . Garrison Access Hacks 4 | . . . . . . . 1 . 1 . . . . . 1 1 Unlock Access 4 | . . . . . . . 1 . 1 . . . . . 1 1 Unauthorized Hacks 26 | . 7 . 7 . . . 11 . . . 1 . . . . . Terminals 22 | . 7 . 7 . . . 8 . . . . . . . . . Assimilate 1 | . 1 . . . . . . . . . . . . . . . Botnet 4 | . . . . . . . 4 . . . . . . . . . Operators 1 | . 1 . . . . . . . . . . . . . . . Skim 16 | . 5 . 7 . . . 4 . . . . . . . . . Fabricators 1 | . . . . . . . . . . . 1 . . . . . Recompile 1 | . . . . . . . . . . . 1 . . . . . Repair Stations . | . . . . . . . . . . . . . . . . . Recycling Units . | . . . . . . . . . . . . . . . . . Scanalyzers . | . . . . . . . . . . . . . . . . . Garrison Access 3 | . . . . . . . 3 . . . . . . . . . Broadcast 1 | . . . . . . . 1 . . . . . . . . . Reprogram 1 | . . . . . . . 1 . . . . . . . . . Watchers 1 | . . . . . . . 1 . . . . . . . . . Data Cores Recovered 1 | . . . . . . . 1 . . . . . . . . . Used . | . . . . . . . . . . . . . . . . . Hacking Detections 68 | . 9 2 13 . . . 12 4 3 1 5 9 . . 8 2 Full Trace Events 11 | . . 2 . . . . 2 4 2 . . 1 . . . . Feedback Events . | . . . . . . . . . . . . . . . . . Feedback Blocked . | . . . . . . . . . . . . . . . . . Robot Schematics Acquired 1 | . . . . . . . . . . . . . . . 1 . Robots Built . | . . . . . . . . . . . . . . . . . Authchips . | . . . . . . . . . . . . . . . . . Time . | . . . . . . . . . . . . . . . . . Total Robot Build Rating . | . . . . . . . . . . . . . . . . . Part Schematics Acquired 9 | . 1 . 1 . . . 4 . 1 . . 1 . . 1 . Parts Built . | . . . . . . . . . . . . . . . . . Authchips . | . . . . . . . . . . . . . . . . . Time . | . . . . . . . . . . . . . . . . . Total Part Build Rating . | . . . . . . . . . . . . . . . . . Parts Repaired 8 | . 2 . 1 . . . 5 . . . . . . . . . Time 286 | . 52 . 16 . . . 218 . . . . . . . . . Parts Recycled . | . . . . . . . . . . . . . . . . . Recycled Matter . | . . . . . . . . . . . . . . . . . Retrieved Matter . | . . . . . . . . . . . . . . . . . Retrieved Components . | . . . . . . . . . . . . . . . . . Parts Scanalyzed 5 | . . . 1 . . . 4 . . . . . . . . . Part Schematics Acquired 5 | . . . 1 . . . 4 . . . . . . . . . Parts Damaged 1 | . . . . . . . 1 . . . . . . . . . Bothacking | -11 -10 -10 -9 -9 -9 -8 -8 -8 -7 -7 -6 -6 -6 -6 -6 -5 ------------ Run | Yrd Mat Min Mat Min Exi Min Mat Gar Fac Gar Fac Ext Cet Arc Hub Fac Used RIF Installer 3 | . . . . . . . . 1 . 2 . . . . . . Command Fork 1 | . . . . . . . . . . 1 . . . . . . Alert ID Control 1 | . . . . . . . . . . 1 . . . . . . Robots Hacked 8 | . . . 1 . 5 . . . . . . . . 1 . 1 Non-combat 5 | . . . 1 . 3 . . . . . . . . . . 1 Combat 3 | . . . . . 2 . . . . . . . . 1 . . Robot Hacks Applied 9 | . . . 1 . 6 . . . . . . . . 1 . 1 parse_system 8 | . . . 1 . 6 . . . . . . . . 1 . . find_chute 1 | . . . . . . . . . . . . . . . . 1 Relay Couplers Released 25 | . . . . . . . . 7 . 15 . . . . 3 . Machine Destruction 19 | . . . . . . . . 7 . 12 . . . . . . Programmers 6 | . . . . . . . . . . 3 . . . . 3 . Fabnet Peak Effective % . | . . . . . . . . . . . . . . . . . Robots Rewired 6 | . . . . . . . . 2 . . . 4 . . . . Allies Hacked . | . . . . . . . . . . . . . . . . . Hacks Repelled . | . . . . . . . . . . . . . . . . . Allies | -11 -10 -10 -9 -9 -9 -8 -8 -8 -7 -7 -6 -6 -6 -6 -6 -5 -------- Run | Yrd Mat Min Mat Min Exi Min Mat Gar Fac Gar Fac Ext Cet Arc Hub Fac Total Allies 27 | . 1 3 . . . . . 2 . 3 . 13 5 . . . Largest Group 12 | . 1 3 . . . . . 2 . 3 3 11 12 10 8 . Highest-Rated Group 766 | . 10 40 . . . . . 51 . 170 170 427 766 715 533 . Highest-Rated Ally 159 | . 10 16 . . . . . 31 . 95 88 159 159 150 96 . Total Orders 6 | . . . . . . . . . . . . . . . 6 . STAY 4 | . . . . . . . . . . . . . . . 4 . FOLLOW 2 | . . . . . . . . . . . . . . . 2 . Ally Attacks 238 | . . 12 . . . . . 11 . 4 33 75 34 13 56 . Total Damage 6468 | . . 118 . . . . . 329 . 106 1362 1259 906 425 1963 . Kills 46 | . . 1 . . . . . 1 . 3 11 11 4 2 13 . Allies Corrupted 5 | . . . . . . . . 1 . . . . . . 4 . Allies Melted . | . . . . . . . . . . . . . . . . . Intel | -11 -10 -10 -9 -9 -9 -8 -8 -8 -7 -7 -6 -6 -6 -6 -6 -5 ------- Run | Yrd Mat Min Mat Min Exi Min Mat Gar Fac Gar Fac Ext Cet Arc Hub Fac Active Infowar (turns) 402 | 111 291 . . . . . . . . . . . . . . . Seismic 402 | 111 291 . . . . . . . . . . . . . . . Robot Analysis Total 2 | . . . 2 . . . . . . . . . . . . . Derelict Logs Recovered 3 | . . 3 . . . . . . . . . . . . . . Drone Launches . | . . . . . . . . . . . . . . . . . Drone Recoveries . | . . . . . . . . . . . . . . . . . Exploration | -11 -10 -10 -9 -9 -9 -8 -8 -8 -7 -7 -6 -6 -6 -6 -6 -5 ------------- Run | Yrd Mat Min Mat Min Exi Min Mat Gar Fac Gar Fac Ext Cet Arc Hub Fac Turns Passed 27273 | 161 1158 743 2539 27 3930 538 4133 2145 455 1767 1349 1191 349 3524 2515 749 Spaces Moved 13277 | 124 950 687 1431 19 2329 337 1970 1001 235 733 713 551 153 538 1285 221 Core 104 | 3 . . . . . . . . . . . . . 101 . . Treads . | . . . . . . . . . . . . . . . . . Legs . | . . . . . . . . . . . . . . . . . Wheels 13173 | 121 950 687 1431 19 2329 337 1970 1001 235 733 713 551 153 437 1285 221 Hover . | . . . . . . . . . . . . . . . . . Flight . | . . . . . . . . . . . . . . . . . Fastest Speed 50 | 50 80 95 95 150 135 150 150 150 165 165 135 140 140 140 131 185 Average Speed 160 | 79 88 95 137 150 147 153 154 153 165 173 144 144 140 573 142 257 Slowest Speed 2450 | 80 95 95 230 150 210 210 155 165 165 180 180 150 140 2450 275 290 Overloaded Moves . | . . . . . . . . . . . . . . . . . Propulsion Burnouts . | . . . . . . . . . . . . . . . . . Robots Hopped 1 | . . . . . . . . . . . . 1 . . . . Potential Cave-ins . | . . . . . . . . . . . . . . . . . Cave-ins Triggered . | . . . . . . . . . . . . . . . . . Exploration Rate (%) 61 | 5 99 98 97 5 73 48 91 83 7 91 21 73 66 94 88 8 Regions Visited 16 Branch Regions 8 Pre-discovered Areas 4 | . 1 2 . . 1 . . . . . . . . . . . Known Exits Taken 5 | . . 1 1 . . 1 1 . 1 . . . . . . . Unknown Exits Taken 9 | 1 1 . . 1 1 . . . . . 1 1 1 1 1 . Scrap Searched 3 | . . 1 . . . 2 . . . . . . . . . . Spaces Dug 28 | . . . . . . . 1 7 . 7 . . . . 13 . Terrain Destroyed 472 | . . 14 12 . 14 . 38 7 . 15 28 8 1 17 262 56 Melee 15 | . . . . . . . 1 7 . 7 . . . . . . Projectile 203 | . . . . . . . 37 . . 8 28 8 1 17 104 . AOE 254 | . . 14 12 . 14 . . . . . . . . . 158 56 Terrain Rammed . | . . . . . . . . . . . . . . . . . Walls Destroyed . | . . . . . . . . . . . . . . . . . Machines Disabled . | . . . . . . . . . . . . . . . . . Actions | -11 -10 -10 -9 -9 -9 -8 -8 -8 -7 -7 -6 -6 -6 -6 -6 -5 --------- Run | Yrd Mat Min Mat Min Exi Min Mat Gar Fac Gar Fac Ext Cet Arc Hub Fac Total 17363 | 156 1170 741 1842 18 2756 352 2955 1354 264 939 878 779 238 893 1721 307 Wait 2183 | . 111 29 226 . 256 3 855 73 . 8 36 34 41 263 237 11 Move 13260 | 123 949 686 1430 18 2328 336 1969 1000 235 732 712 548 152 537 1284 221 Hop 1 | . . . . . . . . . . . . 1 . . . . Pick Up 224 | 10 21 3 36 . 38 4 30 9 5 5 17 10 7 3 19 7 Fast Attach 65 | 7 10 . 2 . 8 1 3 5 . 2 6 5 2 6 5 3 Attach 75 | . 2 1 6 . 17 . 8 4 2 2 9 3 1 . 13 7 Detach 7 | . . . . . 3 . . 1 . . . . . . . 3 Swap 207 | . 9 . 31 . 12 . 13 29 4 30 19 20 7 5 27 1 Drop 227 | 2 18 3 26 . 47 4 24 18 4 10 19 16 8 7 13 8 Fire 789 | 14 50 19 65 . 41 4 52 78 14 88 59 52 12 72 123 46 Melee 71 | . . . 1 . 6 . 1 33 . 29 1 . . . . . Ram . | . . . . . . . . . . . . . . . . . Kick . | . . . . . . . . . . . . . . . . . Crush . | . . . . . . . . . . . . . . . . . Escape Stasis 152 | . . . . . . . . 64 . 24 . 64 . . . . Rewire 33 | . . . . . . . . 30 . 1 . 2 . . . . Trap 19 | . . . 19 . . . . . . . . . . . . . Miscellaneous 50 | . . . . . . . . 10 . 8 . 24 8 . . . Route ------- -11/Scrapyard -10/Materials (discovered 6 exits: *Mat x3 / *Min x2 / *Sub) -10/Mines (discovered 2 exits: *Mat x2) -9/Materials (discovered 5 exits: *Mat x3 / *Min x2) -9/Mines -9/Exiles -8/Mines -8/Materials (discovered 4 exits: *Fac x2 / [*Sto] / Gar) -8/Garrison (discovered 3 exits: *Fac x3) -7/Factory -7/Garrison (discovered 3 exits: *Fac x3) -6/Factory (discovered 2 exits: *Fac / *Ext) -6/Extension (discovered 2 exits: *Fac / *Cet) -6/Cetus (discovered 2 exits: *Fac / [*Arc]) -6/Archives (discovered 3 exits: *Fac / *Hub x2) -6/Hub_04(d) (discovered 3 exits: *Fac x3) -5/Factory (discovered 1 exit: Gar) History --------- Turn | Location | Event 15 | -11/Scrapyard | Discovered new exit (range 16) 162 | -11/Scrapyard | Entered Materials 319 | -10/Materials | Build established: Mutant 471 | -10/Materials | Central database locked down 482 | -10/Materials | Discovered new exit (range 14) 533 | -10/Materials | Repaired Lgt. Cannon 560 | -10/Materials | Repaired Assault Rifle 763 | -10/Materials | Discovered new exit (range 7) 921 | -10/Materials | Identified exit to Subcaves 921 | -10/Materials | Identified exit to Materials 924 | -10/Materials | Discovered exit to Materials (range 16) 955 | -10/Materials | Learned location of 2 exits from Mines 980 | -10/Materials | Learned location of Mines (-10) 997 | -10/Materials | Learned location of 2 exits from Subcaves 1024 | -10/Materials | Learned location of 2 exits from Subcaves 1059 | -10/Materials | Learned Storage emergency access door positions 1320 | -10/Materials | Entered Mines 1330 | -10/Mines | Assisted by bots powering up and referring to "LRC-V3" 1351 | -10/Mines | Met a Derelict bent on vengeance 1403 | -10/Mines | Learned location of Storage (-8) 1665 | -10/Mines | Lost 3 allies 1819 | -10/Mines | Learned location of Zion (-6) 1831 | -10/Mines | Learned Materials stockpile data 2063 | -10/Mines | Entered Materials 2063 | -9/Materials | Evolved 2 slots: Weapon x2 2064 | -9/Materials | Identified exit to Mines 2385 | -9/Materials | Build established: Tank 2479 | -9/Materials | Discovered new exit (range 10) 2685 | -9/Materials | Build established: Gunner 3299 | -9/Materials | Discovered new exit (range 16) 3881 | -9/Materials | Identified exit to Materials 3954 | -9/Materials | Loaded intel: 11 trap records 4015 | -9/Materials | Learned Materials stockpile data 4064 | -9/Materials | Learned Storage emergency access door positions 4105 | -9/Materials | Learned Storage trap positions 4159 | -9/Materials | Learned Storage stockpile data 4191 | -9/Materials | Learned Storage terminal intel 4234 | -9/Materials | Learned location of 1 exit from Recycling 4286 | -9/Materials | Learned Materials trap positions 4387 | -9/Materials | Repaired Hvy. Assault Rifle 4602 | -9/Materials | Entered Mines 4609 | -9/Mines | Received a Rocket Launcher from a helpful Derelict 4613 | -9/Mines | Deemed a non-threat by the Exiles lab entrance 4614 | -9/Mines | Discovered new exit (range 5) 4629 | -9/Mines | Entered Exiles 4671 | -9/Exiles | Met 8R-AWN 4697 | -9/Exiles | Met EX-HEX 4755 | -9/Exiles | Met EX-DEC 4847 | -9/Exiles | Discovered new exit (range 10) 5140 | -9/Exiles | Met EX-BIN 5500 | -9/Exiles | Aligned with FarCom system 5502 | -9/Exiles | Given EX-Vault access code 5538 | -9/Exiles | Opened EX-Vault 5548 | -9/Exiles | Found Army-in-a-Box 5551 | -9/Exiles | Found Cloak of Protection 5556 | -9/Exiles | Found AWS/Gauss 5587 | -9/Exiles | Warned to stay clear of 0b10 Research branches 7187 | -9/Exiles | Build established: Tank 7748 | -9/Exiles | Attacked by the Exiles 7884 | -9/Exiles | Core integrity fell below 50% 7935 | -9/Exiles | Destroyed 8R-AWN 7942 | -9/Exiles | Found AS-neutralizer No. 17b 7949 | -9/Exiles | Found Exp. Targeting Computer 8399 | -9/Exiles | Core integrity fell below 20% 8427 | -9/Exiles | Lost 3 parts (1n2w) 8559 | -9/Exiles | Stole three prototypes: Cloak of Protection, Army-in-a-Box, AWS/Gauss 8559 | -9/Exiles | Entered Mines 8772 | -8/Mines | Build established: Gunner 9013 | -8/Mines | Discovered exit to Materials (range 3) 9097 | -8/Mines | Entered Materials 9097 | -8/Materials | Evolved 2 slots: Utility x1, Weapon x1 9098 | -8/Materials | Loaded intel: 12 trap records 9382 | -8/Materials | Build established: Tank 10767 | -8/Materials | Discovered new exit (range 16) 10845 | -8/Materials | Discovered new exit (range 12) 11040 | -8/Materials | Repaired Arm. Wheel 11073 | -8/Materials | Repaired Arm. Wheel 11112 | -8/Materials | Repaired Hrd. Medium Armor Plating 11151 | -8/Materials | Repaired Minigun 11492 | -8/Materials | Identified exit to Garrison 11737 | -8/Materials | Discovered new exit (range 4) 12205 | -8/Materials | Repaired Broken Rnf. Fission Core 13134 | -8/Materials | AWS/Gauss suddenly broke down 13230 | -8/Materials | Entered Garrison 13326 | -8/Garrison | Triggered checkpoint 13544 | -8/Garrison | Triggered checkpoint 13632 | -8/Garrison | Garrison Relay disabled 13780 | -8/Garrison | Triggered checkpoint 13876 | -8/Garrison | Triggered checkpoint 14115 | -8/Garrison | Discovered new exit (range 15) 14376 | -8/Garrison | Triggered checkpoint 14498 | -8/Garrison | Discovered new exit (range 11) 14513 | -8/Garrison | Installed Relay Interface Framework 14538 | -8/Garrison | Triggered checkpoint 14643 | -8/Garrison | Garrison Relay disabled 14770 | -8/Garrison | Triggered checkpoint 14826 | -8/Garrison | Triggered checkpoint 14958 | -8/Garrison | Triggered checkpoint 15026 | -8/Garrison | Discovered new exit (range 12) 15375 | -8/Garrison | Entered Factory 15375 | -7/Factory | Evolved 2 slots: Utility x2 15537 | -7/Factory | Build established: Scavenger-Tank 15775 | -7/Factory | First assault squad dispatched 15830 | -7/Factory | Identified exit to Garrison 15830 | -7/Factory | Entered Garrison 15920 | -7/Garrison | Triggered checkpoint 16236 | -7/Garrison | Triggered checkpoint 16374 | -7/Garrison | Triggered checkpoint 16467 | -7/Garrison | Expanded RIF knowledge: Alert ID Control 16535 | -7/Garrison | Expanded RIF knowledge: Command Fork 16541 | -7/Garrison | Discovered new exit (range 12) 16559 | -7/Garrison | Garrison Relay disabled 16800 | -7/Garrison | Triggered checkpoint 16874 | -7/Garrison | Garrison Relay disabled 16964 | -7/Garrison | Garrison Relay disabled 17143 | -7/Garrison | Discovered new exit (range 13) 17171 | -7/Garrison | Found embedded Infiltrators 17267 | -7/Garrison | Triggered checkpoint 17336 | -7/Garrison | Triggered checkpoint 17462 | -7/Garrison | Rescued a captive Derelict 17541 | -7/Garrison | Discovered new exit (range 12) 17597 | -7/Garrison | Entered Factory 17597 | -6/Factory | Accompanied by 3 allies 17597 | -6/Factory | Evolved 2 slots: Propulsion x1, Weapon x1 17927 | -6/Factory | Build established: Scavenger-Executioner 17947 | -6/Factory | First assault squad dispatched 18196 | -6/Factory | Discovered new exit (range 10) 18934 | -6/Factory | Discovered new exit (range 10) 18946 | -6/Factory | Entered Extension 18970 | -6/Extension | Build established: Executioner 19010 | -6/Extension | Rescued a captive Derelict 19084 | -6/Extension | Rescued a captive Derelict 19085 | -6/Extension | Rescued a captive Derelict 19128 | -6/Extension | Rescued a captive Derelict 19369 | -6/Extension | Spotted B-75 Beast 19395 | -6/Extension | Destroyed B-75 Beast 19407 | -6/Extension | Spotted B-75 Beast 19416 | -6/Extension | Destroyed B-75 Beast 19510 | -6/Extension | Rescued a captive Derelict 19582 | -6/Extension | Rescued a captive Derelict 19669 | -6/Extension | Rescued a captive Derelict 19784 | -6/Extension | Rescued a captive Derelict 19831 | -6/Extension | Rescued a captive Derelict 19996 | -6/Extension | First assault squad dispatched 20011 | -6/Extension | Rescued A7 20086 | -6/Extension | Discovered new exit (range 10) 20087 | -6/Extension | Discovered new exit (range 6) 20137 | -6/Extension | Entered Cetus 20137 | -6/Cetus | Accompanied by 8 allies (A7) 20142 | -6/Cetus | Acquired a Cetus Manufacturing Module code from A7 20174 | -6/Cetus | Spotted Cetus Guard 20175 | -6/Cetus | Spotted Cetus Guard 20179 | -6/Cetus | Spotted Cetus Guard 20179 | -6/Cetus | Spotted Cetus Guard 20186 | -6/Cetus | Allies destroyed Cetus Guard 20190 | -6/Cetus | Destroyed Cetus Guard 20193 | -6/Cetus | Destroyed Cetus Guard 20193 | -6/Cetus | Destroyed Cetus Guard 20276 | -6/Cetus | Started Cetus Manufacturing Module 20301 | -6/Cetus | Manufactured an Enhanced Grunt 20326 | -6/Cetus | Manufactured an Enhanced Grunt 20331 | -6/Cetus | Discovered new exit (range 16) 20351 | -6/Cetus | Manufactured an Enhanced Grunt 20365 | -6/Cetus | Spotted Cetus Guard 20365 | -6/Cetus | Spotted Cetus Guard 20369 | -6/Cetus | Spotted Cetus Guard 20370 | -6/Cetus | Spotted Cetus Guard 20371 | -6/Cetus | Destroyed Cetus Guard 20375 | -6/Cetus | Allies destroyed Cetus Guard 20376 | -6/Cetus | Manufactured an Enhanced Grunt 20385 | -6/Cetus | Destroyed Cetus Guard 20390 | -6/Cetus | Destroyed Cetus Guard 20398 | -6/Cetus | Discovered new exit (range 16) 20401 | -6/Cetus | Manufactured an Enhanced Grunt 20405 | -6/Cetus | Met Revision 17 20486 | -6/Cetus | Entered Archives 20486 | -6/Archives | Accompanied by 11 allies (A7) 20575 | -6/Archives | Discovered new exit (range 14) 20645 | -6/Archives | System corruption reached 10% 20684 | -6/Archives | Build established: Scavenger-Executioner 20792 | -6/Archives | Discovered new exit (range 16) 21345 | -6/Archives | Discovered new exit (range 15) 24010 | -6/Archives | Entered Hub_04(d) 24010 | -6/Hub_04(d) | Accompanied by 8 allies 24290 | -6/Hub_04(d) | Discovered new exit (range 6) 24702 | -6/Hub_04(d) | Discovered new exit (range 6) 24950 | -6/Hub_04(d) | Discovered new exit (range 11) 24989 | -6/Hub_04(d) | Identified exit to Garrison 25021 | -6/Hub_04(d) | Garrison activated, responded to threat 25313 | -6/Hub_04(d) | Network Hub disabled 25417 | -6/Hub_04(d) | Lost 4 allies 25683 | -6/Hub_04(d) | Destroyed 10 combat bots 25724 | -6/Hub_04(d) | Spotted Lightning 25728 | -6/Hub_04(d) | Spotted Lightning 25729 | -6/Hub_04(d) | Spotted Lightning 25774 | -6/Hub_04(d) | Destroyed Lightning 25783 | -6/Hub_04(d) | Destroyed Lightning 25783 | -6/Hub_04(d) | Destroyed Lightning 25790 | -6/Hub_04(d) | Found Prototype Device 25791 | -6/Hub_04(d) | Identified Exp. Phase Shifter 25818 | -6/Hub_04(d) | Found Prototype Energy Cannon 25885 | -6/Hub_04(d) | Spotted B-75 Beast 25886 | -6/Hub_04(d) | Spotted Lightning 25890 | -6/Hub_04(d) | Spotted Lightning 25896 | -6/Hub_04(d) | Core integrity fell below 50% 25900 | -6/Hub_04(d) | Destroyed B-75 Beast 25900 | -6/Hub_04(d) | Destroyed Lightning 25907 | -6/Hub_04(d) | Spotted Lightning 25949 | -6/Hub_04(d) | Destroyed Lightning 25972 | -6/Hub_04(d) | System corruption reached 30% 25974 | -6/Hub_04(d) | Destroyed Lightning 26002 | -6/Hub_04(d) | Lost 10 parts (2n1u7w) 26017 | -6/Hub_04(d) | Found Prototype Device 26017 | -6/Hub_04(d) | Identified Exp. EM Shield 26030 | -6/Hub_04(d) | Found Exp. Phase Shifter 26031 | -6/Hub_04(d) | Identified EMDS 26110 | -6/Hub_04(d) | First assault squad dispatched 26241 | -6/Hub_04(d) | Network Hub disabled 26309 | -6/Hub_04(d) | Build established: Scavenger-Gunner 26459 | -6/Hub_04(d) | Spotted Lightning 26525 | -6/Hub_04(d) | Entered Factory 26525 | -5/Factory | Evolved 2 slots: Propulsion x1, Utility x1 26589 | -5/Factory | Identified exit to Garrison 26617 | -5/Factory | Build established: Scavenger-Executioner 27125 | -5/Factory | First assault squad dispatched 27274 | -5/Factory | Self-destructed Last Messages --------------- 27262_ M-28 Smith unfolds itself. 27263_ U-05 Engineer lays Concrete. 27263_ K-01 Serf collects debris. 27265_ Acquired Lgt. Angular Momentum Engine. 27266_ U-05 Engineer lays Concrete. 27266_ Slug penetrates Wall. 27266_ Imp. Heavy Armor Plating destroyed. 27267_ K-01 Serf collects debris. 27268_ Nuclear Reactor explodes. 27268_ K-01 Serf destroyed. 27268_ U-05 Engineer lays Concrete. 27269_ M-28 Smith repairs R-10 Processor. 27269_ Gauss Rifle destroyed. 27270_ U-05 Engineer lays Concrete. 27271_ Flak Gun destroyed. 27271_ U-05 Engineer lays Concrete. 27272_ EMDS Slug penetrates L-41 Fighter. 27272_ EMDS destroyed. 27273_ Gauss Rifle destroyed. 27273_ U-05 Engineer lays Concrete. Map ----- +----------------------------------------------------+ | ?????????????????" """" # ##########+#""###??? | | ?????????????????" """" # * """ * " #??? | | ???????????????????"""" # "Y" =%%= #"###? | | ???????????????????? # ^ % ?? | | ???????????????????? # % =#??? | | ????????????????????? # # ##?? | | ??????????????????????### # #?? | | ?????????????????######## ###### | | ?????????????? ^ ^ | | ????????????? | | ??????????????"" """ "" | | ??????????????????"" "" | | ??????????????????"" "" = | | ?????????????? [ %[ ######!"###/#""#### | | ???????????????"??"" " #????## #?? | | ???????????"?""" """ " [= #?????# #?? | | ???????????" """ """ %[ ##????# ! #?? | | ?????????? * ! ! ????# #?? | | ?????????? """??# #?? | | ????????? # """"?# #?? | | ????????? ^ u # """" # #?? | | ????????? # """" # #?? | | ?????????" !! != """ # """" ###########?? | | ?????????" !! != """ # """" #???????????? | | ????????"" = """ + #???????????? | | ??????? g @ # ! #???????????? | | ??????? % g bl %!! + #???????????? | | ??????? ##########+#### #???????????? | | ?????????????????????# % %= # #???????????? | | ?????????????????????# = %!= # #???????????? | | ?????????????????????# ! # #???????????? | | ?????????????????????# " ########???????????? | | ?????????????????????# " "" #??????????????????? | | ?????????????????????# """" #??????????????????? | | ?????????????????????# """" #??????????????????? | | ?????????????????????# #??????????????????? | | ?????????????????????# ! #??????????????????? | | ?????????????????????########?#??????????????????? | | ?????????????????????????????????????????????????? | | ?????????????????????????????????????????????????? | | ?????????????????????????????????????????????????? | | ?????????????????????????????????????????????????? | | ?????????????????????????????????????????????????? | | ?????????????????????????????????????????????????? | | ?????????????????????????????????????????????????? | | ?????????????????????????????????????????????????? | | ?????????????????????????????????????????????????? | | ?????????????????????????????????????????????????? | | ?????????????????????????????????????????????????? | | ?????????????????????????????????????????????????? | +----------------------------------------------------+ Best States ------------- Heat Dissipation 78 Coolant Potential 50 Energy Generation 19 Energy Capacity 315 Matter Stores 300 Matter Capacity 500 Sight Range 16 Terrain Scan Density 10 Armor Coverage 600 Resistance: EM 75 Utility Shielding 90 Phase Shifting 20 Evasion (%) 60 Targeting Accuracy 12 Core Analysis 6 Authchip Count 1 Item Schematics ----------------- Lgt. Cannon | -10/Materials | Hacked Arm. Wheel | -9/Materials | Scanalyzed Minigun | -8/Materials | Scanalyzed Hrd. Medium Armor Plating | -8/Materials | Scanalyzed Rnf. Fission Core | -8/Materials | Scanalyzed Cooling System | -8/Materials | Scanalyzed Adv. Recoil Stabilizer | -7/Factory | Hacked Imp. System Restoration Module | -6/Extension | Hacked Exp. Utility Shielding | -6/Hub_04(d) | Hacked Robot Schematics ------------------ M-28 Smith | -6/Hub_04(d) | Hacked Fabricated ------------ Nothing Repaired ---------- Lgt. Cannon | 34% | -10/Materials Assault Rifle | 9% | -10/Materials Hvy. Assault Rifle | 55% | -9/Materials Arm. Wheel | 34% | -8/Materials Arm. Wheel | 35% | -8/Materials Hrd. Medium Armor Plating | 60% | -8/Materials Minigun | 40% | -8/Materials Rnf. Fission Core | 68% | -8/Materials | Broken Alien Tech Used ----------------- None Achievements -------------- None Challenges ------------ None Game ------ Seed MasterCompactCarapace Manual? 0 Play Time 03:07:30 Cumulative 1076.4 hours Start 2025.07.18 @ 00:00:24 End 2025.07.18 @ 21:37:37 Sessions 3 Manual Loads 0 Difficulty Rogue Special Mode None Game No. 534 Rogue 534 Adventurer 0 Explorer 0 Win Type - Total 23 Types 10/4/3/0/1/1/2/2/0/0 Lore% 89 Gallery% 89 Achievement% 83 Wizard Run 0 Options --------- Layout 0 ASCII 0 Keyboard 0 Movement Numpad Keybinds 0 Fullscreen 2 Font 24/Smallcaps Map View 76x50 Zoom Use 0% Tactical HUD 1 Map Filters NONE Filters SHIFT_HUE(315) Steam 1 RUN: f83acfa7-3022-4ae1-a0d8-a80aab9cafac